 Dungeon Crawl Stone Soup version 0.31-a0-217-g58bb5d79cf (webtiles) character file.

Game seed: 6059362799872552263

79 sanka the Chopper (level 4, -4/40 HPs)
             Began as a Hill Orc Monk on July 2, 2023.
             Slain by Natasha (8 damage)
             ... on level 2 of the Dungeon.
             The game lasted 00:03:10 (1414 turns).

sanka the Chopper (Hill Orc Monk)                   Turns: 1414, Time: 00:03:11

Health: -4/40      AC:  0    Str: 15    XL:     4   Next: 37%
Magic:  4/4        EV: 14    Int: 10    God:
Gold:   119        SH:  0    Dex: 13    Spells: 3/3 levels left

rFire   . . .        b - melded +1 whip (elec)
rCold   . . .        d - melded orb {light}
rNeg    . . .        j - melded +0 ring mail
rPois   .            o - melded +0 helmet
rElec   .            (cloak currently unavailable)
rCorr   .            (gloves currently unavailable)
SInv    .            g - melded +0 pair of boots
Will    .....        (no amulet)
Stlth   +            (ring currently unavailable)
HPRegen 0.26/turn    (ring currently unavailable)
MPRegen 0.09/turn

%: no passive effects
@: pig-form, very quick
A: fast, no casting, small
a: no special abilities


You were on level 2 of the Dungeon.
You were a filthy swine.
You visited 1 branch of the dungeon, and saw 2 of its levels.

You collected 119 gold pieces.


   Skills:
 - Level 4.0 Fighting
 + Level 6.4 Axes
 - Level 2.4 Dodging


You had 3 spell levels left.
You didn't know any spells.
Your spell library was empty.

Inventory:

Hand Weapons
 a - a +0 hand axe
 b - a +1 whip of electrocution (melded)
Armour
 d - an orb of light (melded)
 g - a +0 pair of boots (melded)
 j - a +0 ring mail (melded)
 o - a +0 helmet (melded)
 p - a +0 chain mail
Scrolls
 h - a scroll of revelation {unknown}
 i - a scroll of noise {unknown}
 k - a scroll of blinking {unknown}
 m - 2 scrolls of identify {unknown}
 r - a scroll of poison {unknown}
Potions
 c - a potion of ambrosia
 e - 2 potions of degeneration {unknown}
 f - a potion of heal wounds {@q2}
 l - a potion of curing {unknown}
 n - a potion of attraction {unknown}
 q - a potion of might {unknown}

Dungeon Overview and Level Annotations

Branches:
Dungeon (2/15)

Altars:

Shops:
D:1 (

Annotations:
D:2 Natasha

▒....S.[.....▒
▒..▒.▒.▒.▒...▒
▒............▒
▒..▒.▒.▒.▒▒▒▒▒
▒▒..▒....▒
▒.▒.▒g▒▒▒
▒..555▒
▒.▒h▒▒▒


▒Shb▒ ▒▒▒▒▒ You could see Natasha, 3 cerulean imps, an adder, a goblin and a
bat.


Message History

The cerulean imp hits you but does no damage.
Unknown command.
You closely miss Natasha. The bat barely misses you.
Natasha closely misses you. The cerulean imp closely misses you.
The cerulean imp hits you from afar with a +0 spear.
* * * LOW HITPOINT WARNING * * *
The adder bites you but does no damage.
Unknown command.
You hit Natasha.
Natasha is lightly wounded.
The bat misses you. The bat hits you but does no damage.
Natasha zaps a wand.
You turn into a filthy swine.
Your +1 whip of electrocution stops crackling.
The cerulean imp misses you. The adder bites you.
* * * LOW HITPOINT WARNING * * *
The cerulean imp hits you from afar with a +0 spear.
* * * LOW HITPOINT WARNING * * *
You hit Natasha.
Natasha is moderately wounded.
The bat hits you.
* * * LOW HITPOINT WARNING * * *
The adder closely misses you. The bat closely misses you. Natasha claws you!
You die...

Action                     |  1- 3 |  4- 6 || total
---------------------------+-------+-------++-------
  Melee: Hand axe          |    76 |       ||    76
         Whip              |     8 |     8 ||    16
         Unarmed           |       |     1 ||     1
 Armour: Robe              |    10 |       ||    10
         Ring mail         |    30 |    11 ||    41
  Dodge: Dodged            |    55 |    19 ||    74

Levels and vault maps discovered:
D:1:      dpeg_arrival_arbitrary_a, layout_loops_ring, serial_shops,
          nicolae_shop_statue_plus
D:2:      layout_rooms, hangedman_decor_riveting, serial_park_tiny_pond,
          minmay_pentomino_x2, uniq_robin, uniq_natasha

Notes
Turn   | Place    | Note
-------+----------+-------------------------------------------
     0 | D:1      | sanka the Hill Orc Monk began the quest for the Orb.
     0 | D:1      | Reached XP level 1. HP: 19/19 MP: 1/1
   215 | D:1      | Reached XP level 2. HP: 27/27 MP: 2/2
   252 | D:1      | Found Rotinoen's Weapon Shop.
   263 | D:1      | Reached skill level 4 in Fighting
   866 | D:2      | Reached skill level 5 in Axes
   988 | D:2      | Reached XP level 3. HP: 33/33 MP: 3/3
  1026 | D:2      | Noticed Robin
  1054 | D:2      | Killed Robin
  1299 | D:2      | Noticed Natasha
  1306 | D:2      | Killed Natasha
  1307 | D:2      | Reached skill level 6 in Axes
  1307 | D:2      | Reached XP level 4. HP: 40/40 MP: 4/4
  1372 | D:2      | Noticed Natasha
  1414 | D:2      | HP: 4/40 [bat (1)]
  1414 | D:2      | Slain by Natasha

Vanquished Creatures
  Natasha (D:2)
  Robin (D:2)
  A dart slug (D:1)
  3 endoplasms
  A giant cockroach (D:2)
  9 goblins
  5 hobgoblins
  3 quokkas (D:2)
  6 ball pythons
  5 bats
  4 frilled lizards
  2 kobolds
41 creatures vanquished.
